 Dungeon Crawl Stone Soup version 0.30-a0-743-gbfdf073431 (webtiles) character file.

Game seed: 5706209671734176307

23 lunkers the Slasher (level 3, 0/31 HPs)
             Began as a Meteoran Fighter on Feb 6, 2023.
             Slain by a goblin
             ... wielding a +0 dagger
             ... led by Robin
              (5 damage)
             ... on level 2 of the Dungeon.
             The game lasted 00:01:25 (257 turns).

lunkers the Slasher (Meteoran Fighter)               Turns: 257, Time: 00:01:25

Health: 0/31       AC:  5    Str: 17    XL:     3   Next: 26%
Magic:  4/4        EV: 10    Int:  9    God:
Gold:   50         SH:  5    Dex: 16    Spells: 2/2 levels left

rFire   . . .      SeeInvis .    a - +0 long sword
rCold   . . .      Faith    .    c - +0 buckler
rNeg    . . .      Spirit   .    g - +0 ring mail
rPois   .          Reflect  .    (no helmet)
rElec   .          Harm     .    (no cloak)
rCorr   .          Rampage  .    (no gloves)
Will    .....                    (no boots)
Stlth   +                        (no amulet)
HPRegen 0.25/turn                (no ring)
MPRegen 0.09/turn                (no ring)

@: glowing
A: sense surroundings 1, otherworldly, glowing, explore regen
a: no special abilities


You were on level 2 of the Dungeon.
You visited 1 branch of the dungeon, and saw 2 of its levels.

You collected 50 gold pieces.

Inventory:

Hand Weapons
 a - a +0 long sword (weapon)
Armour
 b - a +0 scale mail
 c - a +0 buckler (worn)
 g - a +0 ring mail (worn)
Scrolls
 e - 2 scrolls of identify {unknown}
 f - a scroll of enchant weapon {unknown}
 h - a scroll of enchant armour {unknown}
Potions
 d - a potion of might


   Skills:
 - Level 3.2 Fighting
 + Level 4.1 Long Blades
 - Level 3.6 Armour
 - Level 3.6 Shields


You had 2 spell levels left.
You didn't know any spells.
Your spell library was empty.

Dungeon Overview and Level Annotations

Branches:
Dungeon (2/15) Zot: 924

Altars:

Annotations:
D:2 Robin


Innate Abilities, Weirdness & Mutations

You passively map a small area around you.
You are easily found by Zot.
You glow in the dark.
You regain HP and MP as you explore.


Message History

a +0 dagger; a goblin corpse 4 goblins and 2 hobgoblins come into view.
The goblin shouts! x2; The hobgoblin shouts! x2; You hear an angry hiss.
You hit the goblin.
You kill the goblin!
Robin throws the goblin at you! You block the goblin's attack.
You hit the hobgoblin but do no damage. The goblin hits you but does no damage.
You block the hobgoblin's attack.
You barely miss the hobgoblin. The goblin hits you with a +0 dagger.
You block the hobgoblin's attack. The goblin barely misses you.
The hobgoblin hits you.
You closely miss the goblin. The goblin misses you. The hobgoblin hits you.
You slash the goblin!
You kill the goblin!
The hobgoblin hits you. Robin throws the goblin at you!
Your Long Blades skill increases to level 4!
You slash the goblin!
You kill the goblin!
Robin throws the goblin at you! The hobgoblin closely misses you.
The goblin barely misses you.
You slash the goblin!
You kill the goblin!
Robin says, "My goblins will feast on your bones."
The hobgoblin hits you.
* * * LOW HITPOINT WARNING * * *
Robin throws the goblin at you! The goblin hits you with a +0 dagger.
* * * LOW HITPOINT WARNING * * *
The hobgoblin hits you but does no damage.
The hobgoblin attacks as you move away! The hobgoblin hits you.
* * * LOW HITPOINT WARNING * * *
The goblin barely misses you.
Things that are here:
a +0 club; a +0 dagger; a +0 dagger Robin roars a battlecry!
The goblin hits you with a +0 dagger.
* * * LOW HITPOINT WARNING * * *
The hobgoblin hits you but does no damage.
The hobgoblin attacks as you move away! You block the hobgoblin's attack.
The goblin attacks as you move away! The goblin hits you with a +0 dagger.
You die...

### * #.., #.#* *
#.# #.# * *
##.#####@# *, * *
*#...ggggg#####.#
,
....gg##).......#
#.... *##...#####
#.#.** ##.## < ,
# # #.# #.# , , ,
##'## ##...## ,


You could see Robin, 3 hobgoblins and 3 goblins.

Vanquished Creatures
  3 endoplasms (D:1)
  7 goblins
  A hobgoblin (D:1)
  A quokka (D:1)
  4 bats
  2 kobolds (D:1)
  2 rats (D:1)
20 creatures vanquished.

Notes
Turn   | Place    | Note
-------+----------+-------------------------------------------
     0 | D:1      | lunkers the Meteoran Fighter began the quest for the Orb.
     0 | D:1      | Reached XP level 1. HP: 19/19 MP: 2/2
    53 | D:1      | Reached skill level 3 in Long Blades
    53 | D:1      | Reached XP level 2. HP: 22/26 MP: 3/3
   229 | D:2      | Reached XP level 3. HP: 21/31 MP: 4/4
   244 | D:2      | Noticed Robin
   252 | D:2      | Reached skill level 4 in Long Blades
   257 | D:2      | Slain by a goblin

Illustrated notes

Levels and vault maps discovered:
D:1:      minmay_arrival_up_and_down, layout_loops_ring,
          chequers_serial_rivers_large_b, minmay_misc_feat_pillars
D:2:      layout_loops_corners, serial_glass, glass_columns_b, glass_columns_b,
          st_stairs_7, serial_park_tiny_pond, uniq_robin, uniq_sigmund,
          uniq_crazy_yiuf_cottage, uniq_jessica

Skill      XL: |  1  2  3 |
---------------+----------+-----
Long Blades    | 3 4 |  4.1
Fighting       | |  3.2
Armour         | |  3.6
Shields        | |  3.6

Action                     || total
---------------------------++-------
  Melee: Long sword        ||    69
 Armour: Scale mail        ||    10
         Ring mail         ||    22
  Dodge: Dodged            ||    39
  Block: Buckler           ||    19

Table legend: (Time is in decaauts)
 A = Elapsed time spent in this place.
 B = Non-inter-level travel time spent in this place.
 C = Inter-level travel time spent in this place.
 D = Time resting spent in this place.
 E = Time spent auto-exploring this place.
 F = Levels seen in this place.
 G = Mean time per level.
                   A        B        C        D        E       F      G
               +--------+--------+--------+--------+--------+-----+--------+
         Total |    275 |    275 |      0 |      0 |     90 |   2 |  137.5 |
       Dungeon |    275 |    275 |      0 |      0 |     90 |   2 |  137.5 |
               +--------+--------+--------+--------+--------+-----+--------+

Top non-repeatable levels by time:
     D:1: 218 daAuts
     D:2: 56 daAuts
